 Dungeon Crawl Stone Soup version 0.31-a0-66-ge618eeaa78 (webtiles) character file.

Game seed: 13183248736584816336

788 ytrimaz the Ruffian (level 7, -6/106 HPs)
             Began as a Troll Berserker on May 22, 2023.
             Was an Elder of Trog.
             Mangled by an ogre
             ... wielding a +0 giant club
              (32 damage)
             ... on level 5 of the Dungeon.
             The game lasted 00:03:24 (3662 turns).

ytrimaz the Ruffian (Troll Berserker)               Turns: 3662, Time: 00:03:25

Health: -6/106     AC:  6    Str: 28    XL:     7   Next: 56%
Magic:  6/6        EV: 11    Int:  3    God:    Trog [****..]
Gold:   170        SH:  5    Dex: 15    Spells: 6/6 levels left

rFire   . .          .
                       - Unarmed
rCold   . . .        (no shield)
rNeg    . . .        a - +0 animal skin
rPois   .            n - +2 hat
rElec   .            (no cloak)
rCorr   +            (gloves unavailable)
SInv    .            (boots unavailable)
Will    .....        f - amulet of reflection Stlth
                     h - +6 ring of dexterity
HPRegen 1.17/turn    k - ring of resist corrosion
MPRegen 0.10/turn

%: reflection
@: berserking, very quick
A: large, unfitting armour, claws 3, regeneration 1, shaggy fur 1, tough skin 1
a: Renounce Religion, Berserk, Trog's Hand, Brothers in Arms


You were on level 5 of the Dungeon.
You worshipped Trog.
Trog was greatly pleased with you.
You visited 1 branch of the dungeon, and saw 5 of its levels.

You collected 170 gold pieces.


Innate Abilities, Weirdness & Mutations

You are too large for most types of armour.
You have claws for hands.
Your natural rate of healing is unusually fast.
You are covered in fur. (AC +1)
You have tough skin. (AC +1)


   Skills:
 + Level 4.5 Fighting
 - Level 3.5 Dodging
 * Level 7.1 Unarmed Combat


You had 6 spell levels left.
You didn't know any spells.
Your spell library was empty.

Inventory:

Armour
 a - a +0 animal skin (worn)
 n - a +2 hat (worn)
   (You found it on level 4 of the Dungeon)
Jewellery
 c - a ring of magical power
   (You found it on level 1 of the Dungeon)
 f - an amulet of reflection (around neck)
   (You found it on level 2 of the Dungeon)
 h - a +6 ring of dexterity (left claw)
   (You found it on level 2 of the Dungeon)
 j - a ring of flight
   (You found it on level 2 of the Dungeon)
 k - a ring of resist corrosion (right claw)
   (You found it on level 2 of the Dungeon)
 u - a ring of protection from cold
   (You found it on level 5 of the Dungeon)
Wands
 s - a wand of flame (25)
   (You found it on level 4 of the Dungeon)
 x - a wand of mindburst (17)
   (You found it on level 5 of the Dungeon)
Scrolls
 b - a scroll of enchant armour {unknown}
 d - 2 scrolls of teleportation
 g - 3 scrolls of identify
 m - 2 scrolls of amnesia {unknown}
 o - a scroll of magic mapping
 q - a scroll of enchant weapon {unknown}
 v - a scroll of vulnerability {unknown}
 w - a scroll of acquirement {unknown}
Potions
 e - 3 potions of cancellation
 i - a potion of curing
 l - a potion of might
 p - a potion of ambrosia {unknown}
 r - 2 potions of attraction {unknown}
 t - a potion of berserk rage {unknown}

Dungeon Overview and Level Annotations

Branches:
Dungeon (5/15) Zot: 26367
 Temple: D:4-7

Altars:
Dithmenos

#.......## #....
#......## ##.......
##.....## ##........
#....### ##.........
##...#####.....$....
#.#...##...........
#.###..............
# ####....O......
##..@)......
#..........
##.........
#.........
##........ #."......
##....... .....##


You could see an ogre.


Message History

You feel sick. The kobold hits you but does no damage.
You closely miss the kobold brigand. The kobold closely misses you. 😕 HP[+1]
You barely miss the kobold brigand.
You feel sick. You block the kobold brigand's attack.
You block the kobold's attack. The kobold hits you but does no damage.
You scratch the kobold brigand.
You feel sick. The kobold hits you but does no damage.
You block the kobold brigand's attack. The kobold closely misses you.
You block the kobold's attack.
You closely miss the kobold brigand.
You feel sick. You block the kobold brigand's attack.
The kobold hits you but does no damage. The kobold barely misses you.
The kobold hits you but does no damage.
You claw the kobold brigand!
You kill the kobold brigand!
Trog accepts your kill.
You feel sick.
You are no longer poisoned.
The kobold hits you but does no damage. x3 😕 HP[+1]
You now have 71 max hp (+1).
You barely miss the kobold. 😕 HP[+1]
You claw the kobold!
You kill the kobold!
Trog accepts your kill. You block the kobold's attack.
The kobold closely misses you. 😕 HP[+1]
You closely miss the kobold. The kobold hits you but does no damage.
The kobold hits you with a +0 whip. 😕 HP[-1]
You take 1 damage, and now have 68/71 hp.
You claw the kobold!
You kill the kobold!
Trog accepts your kill. The kobold closely misses you.
You closely miss the kobold. The kobold barely misses you. 😕 HP[+1]
You claw the kobold!
You kill the kobold!
Trog accepts your kill. 😕 HP[+1] No target in view!
No target in view!
No target in view!
No target in view!
No target in view!
No target in view!
No target in view!
No target in view!
No target in view!
No target in view!
You see here a +2 dagger of freezing. 😎 HP[+1]
Your hp is fully restored (71).
Things that are here:
a +0 dagger; 7 poisoned darts
w - a scroll labelled OGREEPSO DUBY Key pressed, stopping explore.
Found a stone staircase leading down.
x - a wand of mindburst (17)
You see here a +2 flail of protection.
You see here a +2 flail of protection.
An ogre comes into view. It is wielding a +0 giant club.
The ogre shouts!
You hear a shout!
An ogre is nearby!
An ogre is nearby!
An ogre comes into view. It is wielding a +0 giant club.
The ogre hits you with a +0 giant club!! 😮 HP[-20]
You take 20 damage, and now have 51/71 hp.
MASSIVE DAMAGE!! (PAUSE)
You scratch the ogre. 😮 HP[+1]
You scratch the ogre.
The ogre hits you with a +0 giant club! 😮 HP[-7]
You take 7 damage, and now have 45/71 hp.
You claw the ogre! 😮 HP[+1]
You scratch the ogre. The ogre barely misses you.
The ogre hits you with a +0 giant club!
* * * LOW HITPOINT WARNING * * *
😨 HP[-12]
You take 12 damage, and now have 34/71 hp.
Unknown command.
You mangle the ogre!!
You kill the ogre!
Trog accepts your kill.
The ogre hits you with a +0 giant club!!
* * * LOW HITPOINT WARNING * * *
Your Unarmed Combat skill increases to level 7! 😱 HP[-19]
You take 19 damage, and now have 15/71 hp.
MASSIVE DAMAGE!! (PAUSE)
You claw the ogre! 😱 HP[+1] Unknown command.
A red film seems to cover your vision as you go berserk!
You feel yourself moving faster!
You feel mighty!
The ogre hits you with a +0 giant club!!
You die...

Skill      XL: |  1  2  3  4  5  6  7 |
---------------+----------------------+-----
Unarmed Combat | 4 5 6 7 |  7.1
Fighting       | 3 4 |  4.5
Dodging        | 3 |  3.5

Action                     |  1- 3 |  4- 6 |  7- 9 || total
---------------------------+-------+-------+-------++-------
  Melee: Unarmed           |   113 |   169 |    32 ||   314
         Punch             |     3 |     1 |       ||     4
 Invoke: Berserk           |       |       |     1 ||     1
    Use: Scroll            |       |     5 |       ||     5
   Stab: Sleeping          |       |     5 |       ||     5
 Armour: Animal skin       |    29 |    65 |    12 ||   106
  Dodge: Dodged            |    54 |    77 |     9 ||   140
  Block: Other             |       |    33 |    10 ||    43
         Reflection        |       |     1 |     2 ||     3

Levels and vault maps discovered:
D:1:      elethiomel_arrival_quiet, layout_loops_ring, nicolae_eternal_life
D:2:      layout_basic, uniq_robin
D:3:      layout_loops_ring, lemuel_tele_altar
D:4:      mumra_celtic_spiral_tile, layout_basic, palyth_stone_intersect,
          nicolae_underground_beach
D:5:      layout_cave_pods, cheibrodos_worm_habitat, serial_undead,
          serial_undead_b, serial_undead_d, serial_undead_e, serial_undead_f

Notes
Turn   | Place    | Note
-------+----------+-------------------------------------------
     0 | D:1      | ytrimaz the Troll Berserker began the quest for the Orb.
     0 | D:1      | Reached XP level 1. HP: 22/22 MP: 0/0
     0 | D:1      | magus.rc [v1.9.6]
    55 | D:1      | Reached XP level 2. HP: 29/29 MP: 1/1
   264 | D:1      | Reached ** piety under Trog
   312 | D:1      | Reached XP level 3. HP: 36/36 MP: 2/2
   888 | D:2      | Noticed Robin
   937 | D:2      | Killed Robin
   938 | D:2      | Reached skill level 4 in Unarmed Combat
   965 | D:2      | Reached XP level 4. HP: 44/44 MP: 3/3
  1120 | D:2      | Reached skill level 3 in Fighting
  1120 | D:2      | Reached skill level 3 in Dodging
  1672 | D:3      | Reached *** piety under Trog
  1689 | D:3      | Found a shadowy altar of Dithmenos.
  1757 | D:3      | Reached XP level 5. HP: 49/53 MP: 4/4
  2573 | D:4      | Noticed a phantom
  2583 | D:4      | Killed a phantom
  2584 | D:4      | Reached skill level 5 in Unarmed Combat
  2709 | D:4      | Reached XP level 6. HP: 31/61 MP: 5/5
  3199 | D:4      | Reached **** piety under Trog
  3378 | D:5      | Entered Level 5 of the Dungeon
  3400 | D:5      | Reached skill level 6 in Unarmed Combat
  3404 | D:5      | Reached skill level 4 in Fighting
  3412 | D:5      | Reached XP level 7. HP: 70/70 MP: 6/6
  3660 | D:5      | HP: 15/71 [ogre/+0 giant club (20)]
  3661 | D:5      | Reached skill level 7 in Unarmed Combat
  3662 | D:5      | Mangled by an ogre

Vanquished Creatures
  A black bear (D:4)
  An ogre (D:5)
  A phantom (D:4)
  A kobold brigand (D:5)
  2 water moccasin zombies (D:5)
  A water moccasin skeleton (D:5)
  A centaur zombie (D:5)
  A sleepcap (D:5)
  A scorpion zombie (D:5)
  An iguana (D:4)
  An orc wizard (D:4)
  Robin (D:2)
  8 adders
  An ufetubus (D:5)
  An adder zombie (D:5)
  An adder skeleton (D:5)
  A worm (D:2)
  2 dart slugs
  4 orcs
  3 bats
  11 endoplasms
  3 giant cockroaches
  17 hobgoblins
  13 jackals
  13 kobolds
  2 quokkas
  4 ball pythons
  2 frilled lizards (D:1)
  12 goblins
  3 rats
114 creatures vanquished.

Table legend:
 A = Non-vault XP
 B = Vault XP
 C = Vault XP percentage of total XP
 D = Non-vault monster count
 E = Vault monster count
 F = Vault count percentage of total count
                 A         B        C        D         E       F
            +---------+---------+-------+---------+---------+-------
      Total |     768 |     359 |  31.9 |      96 |      18 |  15.8
            +---------+---------+-------+---------+---------+-------
        D:1 |      52 |       0 |   0.0 |      29 |       0 |   0.0
        D:2 |      72 |      35 |  32.7 |      16 |      11 |  40.7
        D:3 |      63 |       0 |   0.0 |      16 |       0 |   0.0
        D:4 |     359 |       0 |   0.0 |      26 |       0 |   0.0
        D:5 |     222 |     324 |  59.3 |       9 |       7 |  43.8
            +---------+---------+-------+---------+---------+-------

Skill      XL: |  1  2  3  4  5  6  7 |
---------------+----------------------+-----
Unarmed Combat | 4 5 6 7 |  7.1
Fighting       | 3 4 |  4.5
Dodging        | 3 |  3.5

Action                     |  1- 3 |  4- 6 |  7- 9 || total
---------------------------+-------+-------+-------++-------
  Melee: Unarmed           |   113 |   169 |    32 ||   314
         Punch             |     3 |     1 |       ||     4
 Invoke: Berserk           |       |       |     1 ||     1
    Use: Scroll            |       |     5 |       ||     5
   Stab: Sleeping          |       |     5 |       ||     5
 Armour: Animal skin       |    29 |    65 |    12 ||   106
  Dodge: Dodged            |    54 |    77 |     9 ||   140
  Block: Other             |       |    33 |    10 ||    43
         Reflection        |       |     1 |     2 ||     3

Illustrated notes

Table legend:
 A = Kills in this place as a percentage of kills in the entire game.
 B = Kills by you in this place as a percentage of kills by you in the entire game.
 C = Kills by friends in this place as a percentage of kills by friends in the entire game.
 D = Other kills in this place as a percentage of other kills in the entire game.
 E = Experience gained in this place as a percentage of experience gained in the entire game.
 F = Experience gained in this place divided by the number of levels of this place that you have seen.
                   A       B       C       D       E      F
               +-------+-------+-------+-------+-------+----------------------
         Total | 100.0 | 100.0 |   N/A |   N/A | 100.0 | 225.4
       Dungeon | 100.0 | 100.0 |   N/A |   N/A | 100.0 | 225.4
               +-------+-------+-------+-------+-------+----------------------

Table legend: (Time is in decaauts)
 A = Elapsed time spent in this place.
 B = Non-inter-level travel time spent in this place.
 C = Inter-level travel time spent in this place.
 D = Time resting spent in this place.
 E = Time spent auto-exploring this place.
 F = Levels seen in this place.
 G = Mean time per level.
                   A        B        C        D        E       F      G
               +--------+--------+--------+--------+--------+-----+--------+
         Total |   3631 |   3471 |    160 |      3 |   2767 |   5 |  726.2 |
       Dungeon |   3631 |   3471 |    160 |      3 |   2767 |   5 |  726.2 |
               +--------+--------+--------+--------+--------+-----+--------+

Top non-repeatable levels by time:
     D:4: 1190 daAuts
     D:1: 869 daAuts
     D:2: 745 daAuts
     D:3: 548 daAuts
     D:5: 277 daAuts
